 Dungeon Crawl Stone Soup version 0.31-a0-188-g5e087ee2ca (webtiles) character file.

Game seed: 18431158953727340342

347 qw the Skirmisher (level 6, -2/35 HPs)
             Began as a Deep Elf Hunter on June 22, 2023.
             Succumbed to an orc wizard's poison
             ... on level 5 of the Dungeon.
             The game lasted 00:01:13 (2824 turns).

qw the Skirmisher (Deep Elf Hunter)                 Turns: 2824, Time: 00:01:14

Health: -2/35      AC: 11    Str: 10    XL:     6   Next: 32%
Magic:  8/8        EV: 15    Int: 14    God:
Gold:   23         SH:  0    Dex: 18    Spells: 5/5 levels left

rFire   . . .        Y - +1 shortbow
rCold   . . .        (shield currently unavailable)
rNeg    . . .        f - +0 scale mail {Will+}
rPois   .            (no helmet)
rElec   .            k - +0 cloak
rCorr   .            n - +2 pair of gloves {Stlth+}
SInv    .            h - +0 pair of boots
Will    +....        e - amulet of regeneration
Stlth   ++           b - +5 ring of evasion
HPRegen 1.05/turn    (no ring)
MPRegen 0.11/turn

%: no passive effects
@: lethally poisoned (-2 -> -23)
A: hooves 1, mutation resistance 1, sense surroundings 1
a: no special abilities


You were on level 5 of the Dungeon.
You visited 1 branch of the dungeon, and saw 5 of its levels.

You collected 210 gold pieces.
You spent 187 gold pieces at shops.


Innate Abilities, Weirdness & Mutations

You have large cloven feet.
You are somewhat resistant to further mutation.
You passively map a small area around you.


   Skills:
 - Level 1.7 Fighting
 - Level 9.0 Ranged Weapons
 + Level 0.8 Armour
 - Level 4.2 Dodging
 - Level 1.2 Stealth


You had 5 spell levels left.
You didn't know any spells.
Your spell library was empty.

Inventory:

Hand Weapons
 Y - a +1 shortbow (weapon)
Armour
 f - a +0 scale mail of willpower (worn)
 h - a +0 pair of boots (worn)
 k - a +0 cloak (worn)
 m - a +0 ring mail
 n - a +2 pair of gloves of stealth (worn)
Jewellery
 b - a +5 ring of evasion (left hand)
 e - an amulet of regeneration (around neck)
Scrolls
 g - 2 scrolls of identify
Potions
 i - a potion of mutation
 j - a potion of cancellation

Dungeon Overview and Level Annotations

Branches:
Dungeon (5/15)
 Temple: D:4-7

Altars:
Gozag

Shops:
D:1 [   D:4 [

Annotations:
D:1 2 transporters


Message History

2814 ||| Stepping ~*~*~tactically~*~*~ (outnumbered).
The orc wizard moves out of view.
The orc wizard gestures wildly while chanting.
The orc wizard flickers and vanishes!
Deactivating autopickup; reactivate with Ctrl-A.
You shoot an arrow. You shoot an arrow. Something hits you but does no damage.
You are poisoned.
You shoot an arrow.
The arrow completely misses the orc wizard.
You feel very sick.
You shoot an arrow. The arrow hits the orc wizard.
The orc wizard is moderately wounded.
You feel sick. Something hits you but does no damage.
You are more poisoned.
The orc wizard hits you but does no damage. x2
Something hits you but does no damage.
You are more poisoned.
You shoot an arrow. The arrow hits the orc wizard.
The orc wizard is severely wounded.
You feel very sick. Something hits you.
You are more poisoned.
The orc wizard points at you and mumbles some strange words.
You resist with almost no effort.
You shoot an arrow. The arrow barely misses the orc wizard.
You feel extremely sick. Something hits you.
You are lethally poisoned!
The orc wizard casts a spell.
The orc wizard flickers and vanishes!
2822 ||| FLEEEEING.
Something hits you but does no damage.
You are more poisoned.
You feel extremely sick.
2823 ||| STILL FLEEEEING.
You feel extremely sick.
2824 ||| FLEEEEING.
Something hits you but does no damage.
You are more poisoned.
You die...

* ##...#####>## #.# *
#.....###...###.#
#.#######...###.###.##.#
#..........###.## ##.#.#
##########.# #.# #...#
#.# #.## ##.### #.#
##.###.## #.# ##...##
#@# ##### #.# #.# *#.#
#....o....# #.##.####.#*
* * # ... * * , ... * ,
, #...# , ,


You could see an orc.

Vanquished Creatures
  Edmund (D:4)
  2 jellies
  An orc wizard (D:4)
  6 adders
  2 worms (D:2)
  2 dart slugs
  8 orcs (D:4)
  6 ball pythons
  5 endoplasms
  5 giant cockroaches
  6 goblins
  10 hobgoblins
  9 jackals
  2 quokkas
  4 bats
  4 frilled lizards
  4 kobolds
  7 rats
84 creatures vanquished.

Notes
Turn   | Place    | Note
-------+----------+-------------------------------------------
     0 | D:1      | qw the Deep Elf Hunter began the quest for the Orb.
     0 | D:1      | Reached XP level 1. HP: 12/12 MP: 3/3
     0 | D:1      | 0 ||| qw: Version: 0.3-a-9-g12657ce
     0 | D:1      | 0 ||| qw: Game counter: 2906
     0 | D:1      | 0 ||| qw: Always use a shield: true
     0 | D:1      | 0 ||| qw: God list: Okawaru
     0 | D:1      | 0 ||| qw: Allow faded altars: false
     0 | D:1      | 0 ||| qw: Do Orc after D:15 true
     0 | D:1      | 0 ||| qw: Do second Lair branch before Depths: true
     0 | D:1      | 0 ||| qw: Lair rune preference: random
     0 | D:1      | 0 ||| qw: Plans: Normal
     0 | D:1      | 0 ||| PLANNING D:1-11
    57 | D:1      | Reached skill level 6 in Ranged Weapons
    57 | D:1      | Reached XP level 2. HP: 13/16 MP: 4/4
   107 | D:1      | Found a transporter.
   108 | D:1      | Found Bugomecs's Antique Armour Boutique.
   130 | D:1      | Found a transporter.
   243 | D:1      | Reached XP level 3. HP: 16/20 MP: 5/5
   450 | D:1      | Found a faded altar of an unknown god.
   692 | D:1      | 692 ||| UPGRADING to +0 pair of gloves.
   697 | D:1      | 697 ||| UPGRADING to +0 pair of boots.
   702 | D:1      | 702 ||| UPGRADING to amulet of regeneration.
   707 | D:1      | 707 ||| READING scroll labelled DYXUSO BAREHU.
   708 | D:1      | 708 ||| READING 2 scrolls labelled NEPLEKLO SIOCAU.
   709 | D:1      | 709 ||| DROPPING scroll of butterflies.
   783 | D:2      | Reached skill level 7 in Ranged Weapons
   852 | D:2      | Reached XP level 4. HP: 22/25 MP: 6/6
  1291 | D:2      | 1291 ||| READING scroll labelled LAAXUL GISTRUE.
  1295 | D:2      | 1295 ||| READING scroll labelled XEDEFA PAH BOBACS.
  1296 | D:2      | 1296 ||| READING scroll labelled QULIPR ZEOD.
  1297 | D:2      | 1297 ||| READING scroll labelled PAQUZU JYAHIU.
  1298 | D:2      | 1298 ||| DRINKING 2 coppery potions.
  1298 | D:2      | Gained mutation: You passively map a small area around you.
                  | [potion of mutation]
  1298 | D:2      | Gained mutation: You have large cloven feet. [potion of
                  | mutation]
  1298 | D:2      | Gained mutation: You are somewhat resistant to further
                  | mutation. [potion of mutation]
  1440 | D:3      | Reached skill level 8 in Ranged Weapons
  1561 | D:3      | Reached XP level 5. HP: 29/29 MP: 7/7
  1633 | D:3      | Found an opulent altar of Gozag.
  2042 | D:3      | 2042 ||| DROPPING amulet of guardian spirit.
  2043 | D:3      | 2043 ||| UPGRADING to +5 ring of evasion.
  2044 | D:3      | 2044 ||| READING scroll labelled LUCIWO VEUJ.
  2045 | D:3      | 2045 ||| READING 3 scrolls of identify.
  2045 | D:3      | 2045 ||| IDENTIFYING sedimented silvery potion
  2046 | D:3      | 2046 ||| READING 2 scrolls of identify.
  2046 | D:3      | 2046 ||| IDENTIFYING fuming blue potion
  2047 | D:3      | 2047 ||| DROPPING potion of attraction.
  2112 | D:4      | Reached skill level 9 in Ranged Weapons
  2160 | D:4      | Noticed Edmund
  2183 | D:4      | HP: 4/29 [Edmund/+0 flail of protection (10)]
  2191 | D:4      | Killed Edmund
  2192 | D:4      | Reached XP level 6. HP: 14/34 MP: 8/8
  2353 | D:4      | Found Izugus's Antique Armour Boutique.
  2361 | D:4      | 2361 ||| BUYING pair of embroidered gloves (187 gold).
  2361 | D:4      | Bought a pair of embroidered gloves for 187 gold pieces
  2361 | D:4      | 2361 ||| SHOPLISTING pair of glowing gloves (187 gold, have
                  | 2).
  2361 | D:4      | 2361 ||| SHOPLISTING runed cloak (187 gold, have 2).
  2361 | D:4      | 2361 ||| SHOPLISTING shiny scale mail (175 gold, have 2).
  2692 | D:4      | 2692 ||| UPGRADING to +0 scale mail of willpower.
  2702 | D:4      | 2702 ||| DROPPING +0 leather armour.
  2703 | D:4      | 2703 ||| UPGRADING to +0 cloak.
  2708 | D:4      | 2708 ||| UPGRADING to +2 pair of gloves of stealth.
  2718 | D:4      | 2718 ||| DROPPING +0 pair of gloves.
  2719 | D:4      | 2719 ||| READING scroll labelled QOSUASAIGO.
  2720 | D:4      | 2720 ||| READING scroll labelled GIETTUEXIFF.
  2721 | D:4      | 2721 ||| READING 3 scrolls of identify.
  2721 | D:4      | 2721 ||| IDENTIFYING glowing inky potion
  2722 | D:4      | 2722 ||| DROPPING potion of ambrosia.
  2747 | D:5      | Entered Level 5 of the Dungeon
  2814 | D:5      | 2814 ||| Stepping ~*~*~tactically~*~*~ (outnumbered).
  2822 | D:5      | 2822 ||| FLEEEEING.
  2823 | D:5      | HP: 4/35 [poisoned by an orc wizard]
  2824 | D:5      | 2824 ||| FLEEEEING.
  2824 | D:5      | Succumbed to an orc wizard's poison

Levels and vault maps discovered:
D:1:      dpeg_arrival_orchard, layout_loops_ring,
          ebering_ecumenical_altar_petrified, serial_shops,
          nicolae_shop_drivethru, minmay_tripent
D:2:      layout_rooms, serial_bayou, serial_bayou_shore_a, serial_bayou_pond_a,
          serial_bayou_pond_c, serial_bayou_crossing
D:3:      layout_basic, mainiacjoe_overflow_concentric_impassable
D:4:      layout_loops_ring, serial_shops, shop_statue, minivault_25,
          kennysheep_cluttered_room, uniq_edmund
D:5:      layout_loops_corners, kennysheep_minor_cross, uniq_grinder

Skill      XL: |  1  2  3  4  5 |
---------------+----------------+-----
Ranged Weapons | 6 7 8 9 |  9.0
Dodging        | 4 |  4.2
Fighting       | |  1.7
Armour         | |  0.8
Stealth        | |  1.2

Action                     |  1- 3 |  4- 6 || total
---------------------------+-------+-------++-------
   Fire: Shortbow          |   100 |   184 ||   284
    Use: Scroll            |     2 |    10 ||    12
         Potion            |       |     1 ||     1
 Armour: Leather armour    |    16 |    24 ||    40
         Scale mail        |       |     9 ||     9
  Dodge: Dodged            |    33 |    70 ||   103

Table legend:
 A = Non-vault XP
 B = Vault XP
 C = Vault XP percentage of total XP
 D = Non-vault monster count
 E = Vault monster count
 F = Vault count percentage of total count
                 A         B        C        D         E       F
            +---------+---------+-------+---------+---------+-------
      Total |     344 |     152 |  30.6 |      81 |       3 |   3.6
            +---------+---------+-------+---------+---------+-------
        D:1 |      47 |       3 |   6.0 |      26 |       2 |   7.1
        D:2 |      71 |       0 |   0.0 |      23 |       0 |   0.0
        D:3 |     105 |       0 |   0.0 |      18 |       0 |   0.0
        D:4 |      79 |     149 |  65.4 |      13 |       1 |   7.1
        D:5 |      42 |       0 |   0.0 |       1 |       0 |   0.0
            +---------+---------+-------+---------+---------+-------
